 Dungeon Crawl Stone Soup version 0.31.0 (webtiles) character file.

Game seed: 8742709583952815368

128 PaiMei the Grave Robber (level 4, -3/30 HPs)
             Began as a Demonspawn Necromancer on Jan 19, 2024.
             Slain by a hound (4 damage)
             ... on level 3 of the Dungeon.
             The game lasted 00:04:21 (4129 turns).

PaiMei the Grave Robber (Demonspawn Necromancer)    Turns: 4129, Time: 00:04:21

Health: -3/30      AC:  2    Str:  8    XL:     4   Next: 87%
Magic:  2/8        EV: 14    Int: 18    God:
Gold:   139        SH:  0    Dex: 13    Spells: 7/8 levels left

rFire   . . .        f - +1 short sword (freeze)
rCold   . . .        (no shield)
rNeg    . . .        a - +0 robe
rPois   .            (no helmet)
rElec   .            (no cloak)
rCorr   .            (no gloves)
SInv    .            (no boots)
Will    .....        (no amulet)
Stlth   ++           (no ring)
HPRegen 0.25/turn    (no ring)
MPRegen 0.11/turn

%: no passive effects
@: no status effects
A: repulsion field 1
a: no special abilities


You were on level 3 of the Dungeon.
You visited 1 branch of the dungeon, and saw 4 of its levels.

You collected 139 gold pieces.

Inventory:

Hand Weapons
 f - a +1 short sword of freezing (weapon)
Missiles
 g - 6 poisoned darts (quivered)
Armour
 a - a +0 robe (worn)
Jewellery
 l - a ring of fire
Scrolls
 j - a scroll of immolation {unknown}
 k - 3 scrolls of identify {unknown}
 m - a scroll of butterflies {unknown}
 n - a scroll of brand weapon {unknown}
 p - a scroll of poison {unknown}
 q - a scroll of teleportation {unknown}
Potions
 b - a potion of magic
 c - a potion of attraction {unknown}
 d - 5 potions of lignification {unknown}
 e - 2 potions of invisibility {unknown}
 h - a potion of might {unknown}
 i - 2 potions of heal wounds {unknown}
 o - a potion of enlightenment {unknown}
 r - a potion of berserk rage {unknown}


   Skills:
 + Level 2.6 Dodging
 + Level 3.0 Stealth
 + Level 2.9 Spellcasting
 + Level 5.1 Necromancy


You had 7 spell levels left.
You knew the following spells:

 Your Spells              Type           Power      Damage    Failure   Level
a - Necrotise             Necr           84%        1d8       1%          1

Your spell library contained the following spells:

 Spells                   Type           Power      Damage    Failure   Level
 Kiss of Death            Conj/Necr      44%        2d8       6%          1
 Vampiric Draining        Necr           21%        2d7       6%          3
 Sting                    Conj/Alch      8%         1d3       17%         1
 Animate Dead             Necr           21%        N/A       21%         4
 Dispel Undead            Necr           21%        3d11      21%         4
 Mercury Vapours          Alch/Air       4%         N/A       26%         2
 Confusing Touch          Hex            2%         N/A       45%         3
 Dazzling Flash           Conj/Hex       4%         N/A       45%         3
 Volatile Blastmotes      Fire/Tloc      4%         2d10      45%         3
 Curse of Agony           Necr           21%        N/A       50%         5
 Olgreb's Toxic Radiance  Alch           2%         N/A       86%         4
 Starburst                Conj/Fire      1%         6d3       100%        6
 Maxwell's Capacitive Co  Air            1%         ∞         100%        8


Dungeon Overview and Level Annotations

Branches:
Dungeon (4/15)
 Temple: D:4-7

Altars:
Dithmenos


Innate Abilities, Weirdness & Mutations

You are surrounded by a mild repulsion field. (EV +2)


Message History

Your goblin skeleton barely misses the hound.
The ball python attacks as it pursues you!
The ball python bites you. The ball python barely misses you.
The gnoll completely misses you.
There is a stone staircase leading up here.
The hound bites you but does no damage. The ball python bites you.
The ball python closely misses you. The hound misses you.
The gnoll barely misses you.
Your goblin skeleton barely misses the hound.
You climb upwards.
There is a stone staircase leading down here.
You hit the ball python but do no damage.
The ball python closely misses you. The ball python barely misses you.
The hound bites you but does no damage. The gnoll barely misses you.
The ball python barely misses you. The ball python closely misses you.
The hound bites you. The hound barely misses you.
The ball python completely misses you. The ball python grabs you.
The ball python constricts you. The gnoll hits you with a +0 whip.
You escape the ball python's grasp.
The hound attacks as it pursues you! The hound barely misses you.
The hound bites you. The ball python bites you.
* * * LOW HITPOINT WARNING * * *
The ball python grabs you. The ball python constricts you.
The ball python's grasp on you weakens, but your attempt to escape fails.
The hound completely misses you. The ball python bites you.
* * * LOW HITPOINT WARNING * * *
The ball python constricts you.
* * * LOW HITPOINT WARNING * * *
You escape the ball python's grasp.
The hound barely misses you.
The ball python attacks as it pursues you!
The ball python bites you.
* * * LOW HITPOINT WARNING * * *
The ball python grabs you. The ball python constricts you.
The hound attacks as it pursues you! The hound bites you.
* * * LOW HITPOINT WARNING * * *
The ball python barely misses you. The ball python constricts you.
* * * LOW HITPOINT WARNING * * *
You escape the ball python's grasp.
The hound attacks as it pursues you! The hound bites you.
You die...

##### #...#
############ #.#.###
#........... #)#...#
#......####. #.###.###
#......##...
#.##.@..###.....[#....
#.##.h....#......#....
#.#.S.....#.###......_
#.#.g.......###..#....
#....######..##..#....
#>..##....##..#..##...
##.##......##.#..####.
#.#...†......##......
#.#........#.........


You could see a hound, a gnoll and a ball python.

Vanquished Creatures
  A bombardier beetle (D:3)
  3 adders
  2 ribbon worms
  A dart slug (D:3)
  An orc (D:4)
  7 ball pythons
  4 bats
  2 endoplasms
  9 giant cockroaches
  2 goblins
  4 hobgoblins
  A quokka (D:1)
  6 frilled lizards
  7 kobolds
  4 rats (D:3)
54 creatures vanquished.

Vanquished Creatures (collateral kills)
  2 giant cockroaches (D:3)
  A ball python (D:3)
  2 goblins
  A rat (D:1)
6 creatures vanquished.

Grand Total: 60 creatures vanquished

Notes
Turn   | Place    | Note
-------+----------+-------------------------------------------
     0 | D:1      | PaiMei the Demonspawn Necromancer began the quest for the
                  | Orb.
     0 | D:1      | Reached XP level 1. HP: 13/13 MP: 3/3
   554 | D:1      | Gained mutation: You are surrounded by a mild repulsion
                  | field. (EV +2) [demonic ancestry]
   554 | D:1      | Reached XP level 2. HP: 19/19 MP: 1/5
  1421 | D:2      | Reached XP level 3. HP: 24/24 MP: 0/6
  2646 | D:3      | Reached XP level 4. HP: 30/30 MP: 2/7
  3065 | D:3      | Reached skill level 5 in Necromancy
  3211 | D:3      | Found a shadowy altar of Dithmenos.
  4128 | D:3      | HP: 1/30 [constriction (1)]
  4129 | D:3      | Slain by a hound

Illustrated notes

Levels and vault maps discovered:
D:1:      tarquinn_simple_flora_water_c, layout_basic, hangedman_decor_riveting,
          nicolae_twisty_statue_hallways
D:2:      layout_rooms
D:3:      minmay_roachtagon, layout_basic, old_standard_altar
D:4:      layout_cave_pools, serial_undead, serial_undead_a, serial_undead_a,
          serial_undead_f, serial_undead_d, serial_undead_b

Skill      XL: |  1  2  3  4 |
---------------+-------------+-----
Stealth        | 2 3 |  3.0
Dodging        | 2 |  2.6
Necromancy     | 5 |  5.1
Spellcasting   | |  2.9

Action                     |  1- 3 |  4- 6 || total
---------------------------+-------+-------++-------
  Melee: Unarmed           |    14 |       ||    14
         Short sword       |     8 |    11 ||    19
         Punch             |     1 |       ||     1
   Cast: Necrotise         |    70 |    33 ||   103
 Armour: Robe              |    14 |    28 ||    42
  Dodge: Dodged            |    31 |    41 ||    72
